 Dungeon Crawl Stone Soup version 0.25-b1-23-ge2ad7d536c (webtiles) character file.

Game seed: 7566366275691860179, levelgen mode: deterministic

16 dorian the Firebug (level 2, 0/20 HPs)
             Began as a Draconian Fire Elementalist on June 3, 2020.
             Killed from afar by Natasha (5 damage)
             ... with a magic dart
             ... on level 2 of the Dungeon.
             The game lasted 00:02:24 (1713 turns).

dorian the Firebug (Draconian Fire Elementalist)    Turns: 1713, Time: 00:02:24

Health: 0/20       AC:  4    Str: 10    XL:     2   Next: 41%
Magic:  1/5        EV: 12    Int: 15    God:
Gold:   24         SH:  0    Dex: 11    Spells: 4/5 levels left

rFire    . . .     SeeInvis .   (no weapon)
rCold    . . .     Gourm    .   (no shield)
rNeg     . . .     Faith    .   (armour unavailable)
rPois    .         Spirit   .   (helmet restricted)
rElec    .         Reflect  .   (no cloak)
rCorr    .         Harm     .   (no gloves)
MR       .....                  (no boots)
Stlth    ++........             (no amulet)
HPRegen  0.06/turn              (no ring)
MPRegen  0.09/turn              (no ring)

@: no status effects
A: unfitting armour, cold-blooded, AC +4
a: no special abilities


You were on level 2 of the Dungeon.
You were hungry.

You visited 1 branch of the dungeon, and saw 2 of its levels.

You collected 24 gold pieces.

Inventory:

Jewellery
 d - an uncursed ring of positive energy {unknown}
 h - an uncursed ring of stealth {unknown}
Scrolls
 c - 2 scrolls of identify {unknown}
 e - a scroll of fog {unknown}
 g - a scroll of remove curse {unknown}
Potions
 f - a potion of heal wounds {unknown}
Comestibles
 b - 4 rations


   Skills:
 - Level 1.7 Dodging
 - Level 1.7 Stealth
 + Level 2.2 Spellcasting
 * Level 1.7 Conjurations
 + Level 3.3 Fire Magic


You had 4 spell levels left.
You knew the following spells:

 Your Spells              Type           Power        Failure   Level  Hunger
a - Foxfire               Conj/Fire      #...         8%          1    #......

Your spell library contained the following spells:

 Spells                   Type           Power        Failure   Level  Hunger
 Conjure Flame            Conj/Fire      #.......     22%         3    ###....
 Inner Flame              Hex/Fire       #.......     32%         3    ###....
 Sticky Flame             Conj/Fire      #.......     58%         4    #####..
 Fireball                 Conj/Fire      #.........   91%         5    ######.


Dungeon Overview and Level Annotations

Branches:
Dungeon (2/15)

Altars:

Annotations:
D:2 Natasha


Innate Abilities, Weirdness & Mutations

Your plain brown scales are hard. (AC +4)
You cannot fit into any form of body armour.
You are cold-blooded and may be slowed by cold attacks.


Message History

The crimson imp laughs crazily.
You hit Natasha.
Natasha is almost dead.
Natasha claws you but does no damage.
The crimson imp blinks!
The crimson imp barely misses you.
You barely miss Natasha.
Natasha is almost dead.
Natasha claws you. The crimson imp hits you.
You hit Natasha but do no damage.
Natasha is almost dead.
Natasha casts a spell at you. The magic dart hits you!
Ouch! That really hurt!
* * * LOW HITPOINT WARNING * * *
The crimson imp hits you but does no damage.
You hit Natasha but do no damage.
Natasha is almost dead.
Natasha stares at you and mumbles some strange words.
The magic dart hits you.
You die...

......... .#.#
........# .....
........##.....
...............
...............
#.##### #.5..<#
#.h#### #@5#
#..# ...# ##..>
#####


You could see Natasha and 2 crimson imps.

Vanquished Creatures
  2 giant cockroaches (D:1)
  3 goblins (D:1)
  A hobgoblin (D:1)
  4 bats (D:1)
  2 frilled lizards (D:1)
  A kobold (D:1)
  4 rats (D:1)
17 creatures vanquished.

Vanquished Creatures (others)
  23 foxfires
23 creatures vanquished.

Grand Total: 40 creatures vanquished

Notes
Turn   | Place    | Note
-------+----------+-------------------------------------------
     0 | D:1      | dorian the Draconian Fire Elementalist began the quest for
                  | the Orb.
     0 | D:1      | Reached XP level 1. HP: 14/14 MP: 3/3
   999 | D:1      | Reached XP level 2. HP: 18/20 MP: 5/5
  1699 | D:2      | Noticed Natasha
  1704 | D:2      | Noticed a crimson imp
  1706 | D:2      | Noticed a crimson imp
  1713 | D:2      | Killed from afar by Natasha

Illustrated notes

Levels and vault maps discovered:
D:1:      wander_arrival_chamber, layout_basic, nrook_uturn
D:2:      layout_basic, uniq_natasha

Action                   || total
-------------------------++-------
Melee: Unarmed           ||    89
       Tailslap          ||     8
 Cast: Foxfire           ||    17
  Eat: Chunk             ||     2
Armor: Skin              ||    47
Dodge: Dodged            ||    80
